 Dungeon Crawl Stone Soup version 0.30-a0-634-g8abc85282e (webtiles) character file.

Game seed: 1873209071594666455

172 wormed the Insei (level 5, -5/34 HPs)
             Began as an Octopode Transmuter on Jan 14, 2023.
             Slain by an orc
             ... wielding a +0 war axe
              (11 damage)
             ... on level 3 of the Dungeon.
             The game lasted 00:03:34 (2552 turns).

wormed the Insei (Octopode Transmuter)              Turns: 2552, Time: 00:03:35

Health: -5/34      AC:  1    Str: 10    XL:     5   Next: 53%
Magic:  4/8        EV: 13    Int: 23    God:
Gold:   85         SH:  0    Dex: 12    Spells: 2/9 levels left

rFire   . . .      SeeInvis .      - Unarmed
rCold   . . .      Faith    .    (no shield)
rNeg    . . .      Spirit   .    (helmet restricted)
rPois   .          Reflect  .    i - amulet of magic regeneration
rElec   .          Harm     .    c - +6 ring of intelligence
rCorr   +          Rampage  .    h - ring of resist corrosion
Will    .....                    (no ring)
Stlth   ++                       (no ring)
HPRegen 0.25/turn                (no ring)
MPRegen 0.51/turn                (no ring)
                                 (no ring)
                                 (no ring)

@: wereblooded, very slightly contaminated
A: almost no armour, amphibious, 8 rings, camouflage 1, gelatinous body 1,
(nimble swimmer 1), tentacles
a: no special abilities


You were on level 3 of the Dungeon.
You visited 1 branch of the dungeon, and saw 3 of its levels.

You collected 85 gold pieces.

Inventory:

Missiles
 g - 2 throwing nets
Jewellery
 c - a +6 ring of intelligence (left tentacle)
 e - a ring of magical power
 h - a ring of resist corrosion (right tentacle)
 i - an amulet of magic regeneration (around mantle)
Potions
 a - 3 potions of lignification
 b - a potion of berserk rage {unknown}
 d - a potion of degeneration {unknown}
 f - 3 potions of flight {unknown}


   Skills:
 + Level 2.0 Fighting
 + Level 2.7 Dodging
 + Level 3.5 Unarmed Combat
 + Level 2.5 Spellcasting
 * Level 3.4 Transmutations
 + Level 1.7 Ice Magic


You had 2 spell levels left.
You knew the following spells:

 Your Spells              Type           Power      Damage    Failure   Level
a - Wereblood             Tmut           18%        N/A       4%          2
b - Beastly Appendage     Tmut           36%        N/A       3%          1
c - Ice Form              Ice/Tmut       14%        N/A       38%         4

Your spell library contained the following spells:

 Spells                   Type           Power      Damage    Failure   Level
 Static Discharge         Conj/Air       4%         2-3/arc   19%         2
 Spider Form              Tmut/Pois      10%        N/A       19%         3
 Vhi's Electric Charge    Tloc/Air       4%         N/A       36%         3
 Arcjolt                  Conj/Air       1%         1d11      98%         5
 Lightning Bolt           Conj/Air       1%         1d12      98%         5


Dungeon Overview and Level Annotations

Branches:
Dungeon (3/15)

Altars:


Innate Abilities, Weirdness & Mutations

You cannot wear most types of armour.
You are amphibious.
You can wear up to eight rings at the same time.
Your skin changes colour to match your surroundings (Stealth+).
Your rubbery body absorbs attacks. (AC +1, EV +1)
((You are camouflaged when in or above water. (Stealth+)))
You have tentacles for arms and can constrict up to eight enemies at once.


Message History

A dart slug comes into view.
Your magical contamination has completely faded away.
Casting: Ice Form (extremely dangerous; 38% risk of failure)
Confirm with . or Enter, or press ? or * to list all spells.
Your blood is infused with primal strength.
Your transformation is almost over.
The orc barely misses you.
You punch the orc! You freeze the orc.
You feel a bit better.
You kill the orc!
You hit the orc. You freeze the orc.
The orc is heavily wounded.
The orc hits you with a +0 short sword.
* * * LOW HITPOINT WARNING * * *
You punch the orc! You freeze the orc.
You feel a bit better.
You kill the orc!
You howl as the wereblood boils in your veins!
There is an open door, spattered with blood here.
Things that are here:
a +0 short sword; a +0 dagger; an orc corpse
There is an open door, spattered with blood here.
Things that are here:
a +0 short sword; a +0 dagger; an orc corpse You punch the dart slug!
You freeze the dart slug.
You feel a bit better.
You kill the dart slug!
You hear a shout!
An orc comes into view. It is wielding a +0 war axe.
You howl as the wereblood boils in your veins!
You warm up again.
A rat comes into view.
Found a leather armour.
The orc hits you with a +0 war axe!
* * * LOW HITPOINT WARNING * * *
Casting: Wereblood (safe; 4% risk of failure)
Confirm with . or Enter, or press ? or * to list all spells.
The spell is extremely dangerous to miscast (38% risk of failure)!
Continue anyway?
You miscast Ice Form.
You are very lightly contaminated with residual magic.
Multicoloured lights dance before your eyes.
The orc hits you with a +0 war axe!
You die...

##### #...) #........
###### ### ####.###
....... #.#[.#
#...###..#.### ......
#.##.##.r.###.#.......
.....
#..#!@..###.#..#.#.##.
###...
##...o###.#..#.#o#....
.....#
#...###.#..#.###)####.
#...# #.###.#..#.###.wo#
#. #...#
#)#.#..#.###w.w### ##
#..)#######......###...##
# ##.........##.#..#.##..
# ..........####.#..#.##
# ...........#.##.#..#.##
#


You could see an orc and a rat.

Vanquished Creatures
  An orc priest (D:3)
  An orc wizard (D:3)
  3 adders (D:2)
  A worm (D:2)
  4 dart slugs
  9 orcs (D:3)
  A ball python (D:2)
  7 endoplasms
  A giant cockroach (D:3)
  11 goblins
  4 hobgoblins
  7 jackals
  7 kobolds
  A quokka (D:1)
  3 bats
  A frilled lizard (D:1)
  10 rats
72 creatures vanquished.

Notes
Turn   | Place    | Note
-------+----------+-------------------------------------------
     0 | D:1      | wormed the Octopode Transmuter began the quest for the Orb.
     0 | D:1      | Reached XP level 1. HP: 13/13 MP: 3/3
   310 | D:1      | Reached XP level 2. HP: 16/18 MP: 3/5
   367 | D:1      | Learned a level 2 spell: Wereblood
   579 | D:1      | Reached XP level 3. HP: 23/23 MP: 4/6
  1166 | D:2      | Reached skill level 1 in Ice Magic
  1400 | D:2      | Reached XP level 4. HP: 22/28 MP: 2/7
  2177 | D:2      | Learned a level 4 spell: Ice Form
  2508 | D:3      | Reached XP level 5. HP: 13/34 MP: 8/8
  2552 | D:3      | Slain by an orc

Illustrated notes

Levels and vault maps discovered:
D:1:      mrwooster_arrival_statue_3, layout_loops_corners
D:2:      layout_basic, grunt_decor_clamped
D:3:      minmay_razor_zed, layout_loops_cross, basic_ecumenical_altar

Skill      XL: |  1  2  3  4  5 |
---------------+----------------+-----
Ice Magic      | 1 |  1.7
Transmutations | 3 |  3.4
Fighting       | 2 |  2.0
Dodging        | |  2.7
Unarmed Combat | |  3.5
Spellcasting   | |  2.5

Action                   |  1- 3 |  4- 6 || total
-------------------------+-------+-------++-------
Melee: Unarmed           |    76 |    60 ||   136
       Constrict         |    24 |    12 ||    36
       Kick              |    18 |    10 ||    28
       Tentacles         |    13 |     8 ||    21
       Punch             |       |     2 ||     2
 Cast: Beastly Appendage |    21 |    10 ||    31
       Wereblood         |    15 |    11 ||    26
       Ice Form          |       |     1 ||     1
  Use: Scroll            |     1 |     3 ||     4
 Stab: Sleeping          |     3 |     1 ||     4
Armor: Skin              |     5 |     2 ||     7
Dodge: Dodged            |    42 |    26 ||    68

Table legend: (Time is in decaauts)
 A = Elapsed time spent in this place.
 B = Non-inter-level travel time spent in this place.
 C = Inter-level travel time spent in this place.
 D = Time resting spent in this place.
 E = Time spent auto-exploring this place.
 F = Levels seen in this place.
 G = Mean time per level.
                   A        B        C        D        E       F      G
               +--------+--------+--------+--------+--------+-----+--------+
         Total |   2543 |   2496 |     47 |      0 |   2038 |   3 |  847.7 |
       Dungeon |   2543 |   2496 |     47 |      0 |   2038 |   3 |  847.7 |
               +--------+--------+--------+--------+--------+-----+--------+

Top non-repeatable levels by time:
     D:1: 1143 daAuts
     D:2: 1044 daAuts
     D:3: 355 daAuts
